 Dungeon Crawl Stone Soup version 0.29-a0-341-g24ffce5b50 (webtiles) character file.

Game seed: 7689125115795017115

3845 kevlar127 the Grappler (level 9, -3/93 HPs)
             Began as a Troll Berserker on Apr 20, 2022.
             Was a Priest of Trog.
             Slain by a killer bee (6 damage)
             ... on level 7 of the Dungeon.
             The game lasted 00:32:32 (6732 turns).

kevlar127 the Grappler (Troll Berserker)            Turns: 6732, Time: 00:32:33

Health: -3/93      AC:  8    Str: 31    XL:     9   Next: 98%
Magic:  8/8        EV: 10    Int:  3    God:    Trog [***...]
Gold:   435        SH:  0    Dex:  9    Spells: 8/8 levels left

rFire   . . .      SeeInvis .     - Unarmed
rCold   . . .      Faith    .   (no shield)
rNeg    . . .      Spirit   .   D - +0 steam dragon scales
rPois   .          Reflect  .   w - +0 hat
rElec   .          Harm     .   r - +0 cloak
rCorr   .          Rampage  .   (gloves unavailable)
Will    ++...                   (boots unavailable)
Stlth   +.........              n - amulet of the acrobat
HPRegen 2.05/turn               (no ring)
MPRegen 0.11/turn               (no ring)

@: lethally poisoned (-3 -> -3), strong-willed, regenerating, hasted, very quick
A: large, unfitting armour, claws 3, regeneration 1, shaggy fur 1, tough skin 1
a: Renounce Religion, Berserk, Trog's Hand


You were on level 7 of the Dungeon.
You worshipped Trog.
Trog was most pleased with you.
You visited 2 branches of the dungeon, and saw 9 of its levels.

You collected 435 gold pieces.

Inventory:

Hand Weapons
 f - a +2 glaive of flaming
Missiles
 k - 220 stones
 t - 5 boomerangs (quivered)
Armour
 r - a +0 cloak (worn)
 w - a +0 hat (worn)
 D - +0 steam dragon scales (worn)
Magical Staves
 s - a staff of cold
Jewellery
 j - an amulet of magic regeneration
 n - an amulet of the acrobat (around neck)
 G - an amulet of reflection
Scrolls
 c - 4 scrolls of vulnerability {unknown}
 e - 11 scrolls of teleportation
 h - 3 scrolls of amnesia {unknown}
 i - a scroll of noise {unknown}
 l - 3 scrolls of fear
 o - 2 scrolls of brand weapon
 p - a scroll of enchant weapon {unknown}
 q - 2 scrolls of acquirement
 u - 2 scrolls of enchant armour
 y - a scroll of summoning {unknown}
 z - 2 scrolls of magic mapping {unknown}
Potions
 a - a potion of brilliance {unknown}
 b - 4 potions of curing
 d - 2 potions of lignification {unknown}
 g - a potion of degeneration {unknown}
 m - a potion of might {unknown}
 v - 3 potions of mutation {unknown}
 x - 3 potions of berserk rage {unknown}
 A - a potion of attraction
 E - a potion of resistance {unknown}
 F - a potion of magic {unknown}


   Skills:
 + Level 7.2 Fighting
 + Level 6.9 Throwing
 + Level 3.1 Armour
 - Level 2.4 Dodging
 + Level 8.7 Unarmed Combat


You had 8 spell levels left.
You didn't know any spells.
Your spell library was empty.

Dungeon Overview and Level Annotations

Branches:
Dungeon (8/15)             Temple (1/1) D:7
   Lair: D:8-11

Altars:
Ashenzari
Cheibriados
Dithmenos
Elyvilon
Fedhas
Kikubaaqudgha
Makhleb
Nemelex Xobeh
Okawaru
Qazlal
Ru
Sif Muna
Uskayaw
Vehumet
Xom
Zin
The Shining One
Ignis

Shops:
D:7 *


Innate Abilities, Weirdness & Mutations

You are too large for most types of armour.
You have claws for hands.
Your natural rate of healing is unusually fast.
You are covered in fur. (AC +1)
You have tough skin. (AC +1)


Message History

You mangle the killer bee!!
You kill the killer bee!
Trog accepts your kill.
You feel sick.
You barely miss the killer bee.
You feel sick. The killer bee misses you. The killer bee stings you.
* * * LOW HITPOINT WARNING * * *
You are more poisoned.
The killer bee poisons you!
You scratch the killer bee but do no damage.
You feel sick. The killer bee stings you.
* * * LOW HITPOINT WARNING * * *
The killer bee misses you.
You mangle the killer bee!!
You kill the killer bee!
Trog accepts your kill.
You feel sick.
The killer bee stings you but does no damage.
The killer bee barely misses you.
You scratch the killer bee but do no damage.
The killer bee is moderately wounded.
You feel sick. The killer bee stings you.
* * * LOW HITPOINT WARNING * * *
You are more poisoned.
The killer bee poisons you!
You barely miss the killer bee.
The killer bee is moderately wounded.
You feel sick. The killer bee closely misses you.
You completely miss the killer bee.
The killer bee is moderately wounded.
You feel sick. The killer bee stings you.
* * * LOW HITPOINT WARNING * * *
You barely miss the killer bee.
The killer bee is moderately wounded.
You feel sick.
The killer bee stings you but does no damage.
You barely miss the killer bee.
The killer bee is moderately wounded.
You feel sick. The killer bee stings you.
You die...

#.# #).# #.........######.# #.#
#..# #..###...........# #.# #..#
#..# ######...#### #.# #..# #..#
##..#..## #.###..#####.>#
##...#...## #.............#
##...###...## #####..######.#
##...........# #.....#
#y###...#.....#... #.#...#
#@†##.###..>..###. #.#...#
##.##...#.....#... #######..#
#.###............ ##∩.∩.∩#..####
#.##.....###..... #............#
#.##......#...>##
#...⌠....###.###.##.###..#...##
#........#.....#.##.####.....#
##∩.∩.∩#.#.###.#..........##.###
#######...# #......#####.##....


You could see a killer bee.

Vanquished Creatures
  Maggie (D:7)
  A hornet (D:5)
  6 yaks (D:8)
  An orc warrior (D:6)
  2 ice beasts
  An ogre (D:5)
  A sky beast (D:6)
  4 centaurs
  4 phantoms (D:5)
  3 bullfrogs (D:7)
  3 necrophages
  4 scorpions
  3 killer bees (D:7)
  4 hounds
  2 jellies
  A gnoll shaman (D:7)
  2 iguanas
  4 orc priests
  Jessica (D:2)
  2 orc wizards (D:7)
  12 gnolls
  6 adders
  2 shadow imps
  2 white imps
  4 ufetubi
  5 dart slugs
  6 orcs
  5 bats
  4 endoplasms
  3 giant cockroaches
  14 goblins
  12 hobgoblins
  4 jackals (D:3)
  6 kobolds
  5 quokkas
  10 ball pythons
  2 frilled lizards
  3 rats
155 creatures vanquished.

Vanquished Creatures (others)
  A human (D:4)
1 creature vanquished.

Grand Total: 156 creatures vanquished

Notes
Turn   | Place    | Note
-------+----------+-------------------------------------------
     0 | D:1      | kevlar127 the Troll Berserker began the quest for the Orb.
     0 | D:1      | Reached XP level 1. HP: 22/22 MP: 0/0
    27 | D:1      | Found a faded altar of an unknown god.
   246 | D:1      | Reached XP level 2. HP: 29/29 MP: 1/1
   708 | D:2      | Noticed Jessica
   723 | D:2      | Killed Jessica
   724 | D:2      | Reached XP level 3. HP: 18/37 MP: 2/2
   909 | D:2      | Reached skill level 4 in Unarmed Combat
  1032 | D:2      | Reached ** piety under Trog
  1040 | D:2      | Reached XP level 4. HP: 45/45 MP: 3/3
  1453 | D:3      | Found a shimmering blue altar of Sif Muna.
  1520 | D:3      | Reached skill level 1 in Throwing
  1684 | D:3      | Reached XP level 5. HP: 53/53 MP: 4/4
  2744 | D:4      | Reached XP level 6. HP: 62/62 MP: 5/5
  2761 | D:4      | Found a stormy altar of Qazlal.
  2846 | D:4      | Reached skill level 5 in Unarmed Combat
  3089 | D:4      | Reached *** piety under Trog
  3144 | D:4      | Found an ancient bone altar of Kikubaaqudgha.
  3149 | D:4      | Noticed a human
  3152 | D:4      | Killed a human
  3546 | D:5      | Entered Level 5 of the Dungeon
  3640 | D:5      | Noticed a hornet
  3644 | D:5      | Paralysed by a hornet for 1 turns
  3649 | D:5      | Killed a hornet
  3650 | D:5      | Reached XP level 7. HP: 71/71 MP: 6/6
  4201 | D:5      | Reached skill level 5 in Fighting
  4201 | D:5      | Reached skill level 6 in Unarmed Combat
  4320 | D:5      | Reached XP level 8. HP: 80/80 MP: 7/7
  4806 | D:6      | Reached skill level 5 in Throwing
  5049 | D:6      | Reached skill level 7 in Unarmed Combat
  5447 | D:7      | Reached XP level 9. HP: 84/91 MP: 8/8
  5470 | D:7      | Found a hide-covered altar of Uskayaw.
  5600 | D:7      | Noticed Maggie
  5618 | D:7      | Killed Maggie
  5619 | D:7      | Reached skill level 1 in Armour
  6014 | D:7      | Identified a scroll of acquirement
  6082 | D:7      | Reached skill level 8 in Unarmed Combat
  6111 | D:7      | Found a sparkling altar of Nemelex Xobeh.
  6115 | D:7      | Reached **** piety under Trog
  6218 | D:7      | Found a staircase to the Ecumenical Temple.
  6387 | D:7      | Found Soahaun's CLEARANCE SALE!.
  6530 | Temple   | Entered the Ecumenical Temple
  6730 | D:7      | HP: 4/93 [killer bee (1)]
  6732 | D:7      | Slain by a killer bee

Illustrated notes

Levels and vault maps discovered:
D:1:      dpeg_arrival_orchard, layout_basic, dreamdust_ecumenical_altar_grove
D:2:      layout_basic, corexii_item_surrounded_by_moat, minmay_tall_x,
          uniq_jessica
D:3:      layout_basic, nicolae_sif_muna_condensation
D:4:      cheibrodos_greedy_goblins, layout_basic, mainiacjoe_overflow_alcove_2,
          tgw_kikubaaqudgha, grunt_ministairs_13, grunt_decor_arrowhead,
          roderic_roman_lattice
D:5:      nicolae_cairo_tiling_very_big, layout_basic
D:6:      layout_loops_cross
D:7:      layout_loops_ring, old_standard_altar, kennysheep_mini,
          minmay_temple_entry_tees, nicolae_shop_clearance, uniq_maggie
D:8:      hellmonk_ruined_rings, layout_rooms, minmay_stone_trees_large,
          uniq_erica, uniq_grum, uniq_amaemon
Temple:   pdpol_scorched_temple

Skill      XL: |  1  2  3  4  5  6  7  8  9 |
---------------+----------------------------+-----
Fighting       | 3 4 5 6 7 |  7.2
Unarmed Combat | 4 5 6 7 8 |  8.7
Throwing       | 1 2 3 4 5 6 |  6.9
Armour         | 3 |  3.1
Dodging        | |  2.4

Action                   |  1- 3 |  4- 6 |  7- 9 || total
-------------------------+-------+-------+-------++-------
Melee: Unarmed           |    66 |   157 |   234 ||   457
       Punch             |     3 |     4 |     6 ||    13
Throw: Boomerang         |       |       |     6 ||     6
Invok: Trog's Hand       |       |     2 |     6 ||     8
       Berserk           |       |     2 |     2 ||     4
  Use: Scroll            |       |       |     8 ||     8
       Potion            |       |       |     3 ||     3
 Stab: Sleeping          |     1 |     1 |       ||     2
Armor: Animal skin       |    12 |    48 |    44 ||   104
       Skin              |     6 |     1 |       ||     7
       Steam dragon scal |       |       |    44 ||    44
Dodge: Dodged            |    30 |    91 |   184 ||   305

Table legend: (Time is in decaauts)
 A = Elapsed time spent in this place.
 B = Non-inter-level travel time spent in this place.
 C = Inter-level travel time spent in this place.
 D = Time resting spent in this place.
 E = Time spent auto-exploring this place.
 F = Levels seen in this place.
 G = Mean time per level.
                   A        B        C        D        E       F      G
               +--------+--------+--------+--------+--------+-----+--------+
         Total |   6711 |   6433 |    278 |    832 |   4529 |   9 |  745.7 |
       Dungeon |   6652 |   6388 |    264 |    832 |   4494 |   8 |  831.5 |
        Temple |     58 |     44 |     14 |      0 |     35 |   1 |   58.0 |
               +--------+--------+--------+--------+--------+-----+--------+

Top non-repeatable levels by time:
     D:7: 1166 daAuts
     D:5: 1146 daAuts
     D:4: 1045 daAuts
     D:3: 1041 daAuts
     D:2: 744 daAuts
     D:6: 711 daAuts
     D:1: 703 daAuts
     D:8: 92 daAuts
  Temple: 58 daAuts
